 Dungeon Crawl Stone Soup version 0.30-a0-364-gf6b3ef1049 (webtiles) character file.

Game seed: 13400464698115531358

10165 Kinoniko the Bludgeoner (level 11, -3/82 HPs)
             Began as a Minotaur Berserker on Nov 15, 2022.
             Was an Elder of Trog.
             Killed from afar by a starcursed mass (10 damage)
             ... with an accursed screaming
             ... on level 2 of the Abyss.
             The game lasted 00:08:23 (7093 turns).

Kinoniko the Bludgeoner (Minotaur Berserker)        Turns: 7093, Time: 00:08:24

Health: -3/82      AC: 30    Str: 36    XL:     11   Next: 32%
Magic:  10/10      EV:  9    Int:  4    God:    Trog [****..]
Gold:   121        SH:  5    Dex: 10    Spells: 10/10 levels left

rFire   . . .      SeeInvis +    A - +5 morningstar
rCold   . . .      Faith    .    (no shield)
rNeg    . . .      Spirit   .    b - +5 crystal plate armour "Ylosujic" {-Tele rElec Str+3}
rPois   .          Reflect  +    E - +2 hat
rElec   +          Harm     .    y - +1 cloak of Nivukoyrei {*Corrode rElec Str+7 SInv}
rCorr   .          Rampage  .    v - +1 pair of gloves
Will    +....      NoTele   +    t - +1 pair of boots
Stlth   ..........               f - amulet of reflection
HPRegen 0.33/turn                g - ring of willpower
MPRegen 0.12/turn                (no ring)

@: corroded, on berserk cooldown, slowed, very slow
A: horns 2, retaliatory headbutt
a: Renounce Religion, Berserk, Trog's Hand, Brothers in Arms


You were on level 2 of the Abyss.
You worshipped Trog.
Trog was greatly pleased with you.
You visited 1 branch of the dungeon, and saw 9 of its levels.
You visited the Abyss 1 time.

You collected 352 gold pieces.
You spent 231 gold pieces at shops.

Inventory:

Hand Weapons
 a - a +1 flail of distortion
 A - a +5 morningstar (weapon)
Missiles
 j - 2 throwing nets (quivered)
Armour
 b - the +5 crystal plate armour "Ylosujic" (worn) {-Tele rElec Str+3}
   (You acquired it on level 4 of the Dungeon)

   Str:       It affects your strength (+3).
   rElec:     It insulates you from electricity.
   -Tele:     It prevents most forms of teleportation.
 n - a +0 scale mail
 t - a +1 pair of boots (worn)
 v - a +1 pair of gloves (worn)
 y - the +1 cloak of Nivukoyrei (worn) {*Corrode rElec Str+7 SInv}
   (You found it on level 7 of the Dungeon)

   Str:       It affects your strength (+7).
   rElec:     It insulates you from electricity.
   SInv:      It lets you see invisible.
   *Corrode:  It may corrode you when you take damage.
 E - a +2 hat (worn)
Jewellery
 c - a ring of magical power
 f - an amulet of reflection (around neck)
 g - a ring of willpower (left hand)
Wands
 w - a wand of flame (39)
 z - a wand of charming (12)
 C - a wand of digging (4)
Scrolls
 e - a scroll of summoning
 h - 3 scrolls of fear
 l - 2 scrolls of amnesia
 r - a scroll of vulnerability
 x - 4 scrolls of teleportation
Potions
 d - a potion of brilliance {unknown}
 i - a potion of cancellation {unknown}
 k - a potion of attraction {unknown}
 m - 2 potions of heal wounds {unknown}
 o - 4 potions of curing
 p - 3 potions of degeneration
 q - 2 potions of ambrosia {unknown}
 s - 2 potions of haste {unknown}
 u - 2 potions of berserk rage {unknown}
 B - 2 potions of magic {unknown}


   Skills:
 - Level 3.6 Fighting
 * Level 16.5 Maces & Flails
 + Level 10.0 Armour
 + Level 9.2 Dodging


You had 10 spell levels left.
You didn't know any spells.
Your spell library was empty.

Dungeon Overview and Level Annotations

Branches:
Dungeon (9/15)             Temple (0/1) D:4            Lair (0/5) D:8
    Orc: D:9-12

Altars:
Fedhas
Gozag
Uskayaw
Xom

Shops:
D:5 (   D:6 (   D:8 [

Annotations:
D:9 Erolcha


Innate Abilities, Weirdness & Mutations

You have a pair of horns on your head.
You reflexively headbutt those who attack you in melee.


Message History

The starcursed mass touches you!
* * * LOW HITPOINT WARNING * * *
The starcursed mass touches you but does no damage. x2
Unknown command.
Unknown command.
You hit the starcursed mass but do no damage.
You headbutt the starcursed mass!
You destroy the starcursed mass!
Trog accepts your kill.
The starcursed mass touches you but does no damage.
A deafening chorus of shrieks assaults your mind!
* * * LOW HITPOINT WARNING * * *
You sock the starcursed mass!
The starcursed mass is almost destroyed.
The starcursed mass shudders and is absorbed by its neighbour.
A starcursed mass splits.
The starcursed mass touches you but does no damage.
Unknown command.
Unknown command.
You feel better. The starcursed mass misses you.
The starcursed mass touches you but does no damage. x4
Unknown command.
You feel better.
The starcursed mass touches you but does no damage.
You block the starcursed mass's attack.
The starcursed mass touches you but does no damage.
A deafening chorus of shrieks assaults your mind!
* * * LOW HITPOINT WARNING * * *
Your corrosive artefact corrodes you!
The starcursed mass touches you but does no damage. x2
The starcursed mass touches you.
* * * LOW HITPOINT WARNING * * *
You feel better. The starcursed mass touches you!
* * * LOW HITPOINT WARNING * * *
The starcursed mass touches you but does no damage.
The starcursed mass completely misses you.
The starcursed mass touches you but does no damage.
You block the starcursed mass's attack.
A deafening chorus of shrieks assaults your mind!
You die...

... .... ..
#..###...
.##.#...#...###
....###........
........#.#.#..
.....#....##...
#.#..#XXX.....#
......X@X.....##
##......X...#.. .
##.#......#......
..............#.
#..#.#..##..# #.#
....#......#.#..#
....#.#..........
......##. ......
... .. ##. ... .


You could see 6 starcursed masses.

Vanquished Creatures
  A two-headed ogre (D:8)
  A cyclops (D:9)
  A worldbinder (Abyss:2)
  A large abomination (Abyss:2)
  The ghost of LetschGu the Covert, a novice KoDe (D:5)
  6 gargoyles (D:7)
  A hornet (D:8)
  A wraith (D:9)
  8 yaks
  A steam dragon (D:9)
  Edmund (D:4)
  3 water moccasins
  An acid dragon (D:8)
  5 black bears
  3 orc warriors (D:8)
  An ice beast (D:5)
  A sky beast (D:8)
  4 centaurs
  6 ogres
  A phantom (D:6)
  A kobold brigand (D:8)
  Blork the orc (D:4)
  6 bullfrogs
  2 necrophages
  2 scorpions
  10 wights
  3 howler monkeys (D:7)
  A jelly (D:5)
  4 starcursed masses (Abyss:2)
  8 hounds
  4 orc priests
  2 gnoll boudas
  5 iguanas
  3 orc wizards
  5 gnolls
  8 adders
  A shadow imp (D:7)
  3 white imps
  2 ufetubi (D:5)
  2 worms
  6 dart slugs
  23 orcs
  3 ball pythons
  5 bats
  3 endoplasms
  2 goblins (D:1)
  7 hobgoblins
  6 jackals
  A quokka (D:1)
  3 frilled lizards
  10 kobolds
  2 rats
192 creatures vanquished.

Vanquished Creatures (others)
  17 fungi (D:8)
  20 plants (D:8)
37 creatures vanquished.

Grand Total: 229 creatures vanquished

Notes
Turn   | Place    | Note
-------+----------+-------------------------------------------
     0 | D:1      | Kinoniko the Minotaur Berserker began the quest for the
                  | Orb.
     0 | D:1      | Reached XP level 1. HP: 19/19 MP: 0/0
    15 | D:1      | Reached skill level 4 in Maces & Flails
   136 | D:1      | Reached XP level 2. HP: 20/26 MP: 1/1
   800 | D:1      | Reached skill level 5 in Maces & Flails
  1034 | D:2      | Reached XP level 3. HP: 28/31 MP: 2/2
  1635 | D:3      | Reached ** piety under Trog
  1680 | D:3      | Reached XP level 4. HP: 32/39 MP: 3/3
  1707 | D:3      | You fall into a shaft and drop 1 floor!
  1740 | D:4      | Reached skill level 6 in Maces & Flails
  1889 | D:3      | Found a blossoming altar of Fedhas.
  2233 | D:3      | Found a faded altar of an unknown god.
  2320 | D:4      | Found a shimmering altar of Xom.
  2349 | D:4      | Noticed Blork the orc
  2353 | D:4      | Killed Blork the orc
  2354 | D:4      | Reached skill level 7 in Maces & Flails
  2354 | D:4      | Reached XP level 5. HP: 45/45 MP: 4/4
  2500 | D:4      | Reached skill level 8 in Maces & Flails
  2500 | D:4      | Reached XP level 6. HP: 51/51 MP: 5/5
  2510 | D:4      | Reached skill level 9 in Maces & Flails
  2609 | D:4      | Noticed Edmund
  2615 | D:4      | Killed Edmund
  2616 | D:4      | Reached XP level 7. HP: 57/57 MP: 6/6
  2668 | D:4      | Found a staircase to the Ecumenical Temple.
  2674 | D:4      | Reached skill level 10 in Maces & Flails
  2716 | D:4      | Identified a scroll of acquirement
  2716 | D:4      | Acquired the +5 crystal plate armour "Ylosujic" {-Tele
                  | rElec Str+3}
  2802 | D:5      | Entered Level 5 of the Dungeon
  2817 | D:5      | Found Gugeubas's Antique Weapon Shoppe.
  2953 | D:5      | Found an opulent altar of Gozag.
  3243 | D:5      | Reached XP level 8. HP: 59/64 MP: 7/7
  3248 | D:5      | Reached skill level 11 in Maces & Flails
  3607 | D:5      | Noticed a +0 falchion
  3607 | D:5      | Noticed a +0 dagger
  3608 | D:5      | Noticed a +0 short sword
  3608 | D:5      | Noticed a +0 spear
  3608 | D:5      | Noticed a +0 spear
  3611 | D:5      | Noticed a +0 dagger
  3612 | D:5      | Reached skill level 5 in Armour
  3647 | D:5      | Noticed a +0 falchion
  3649 | D:5      | Noticed a +0 short sword
  3655 | D:5      | Found a hide-covered altar of Uskayaw.
  3770 | D:5      | Reached skill level 12 in Maces & Flails
  3866 | D:5      | Reached skill level 5 in Dodging
  4051 | D:5      | Noticed LetschGu's ghost (novice KoDe)
  4052 | D:5      | Found a runed translucent door.
  4068 | D:5      | Reached XP level 9. HP: 70/70 MP: 8/8
  4072 | D:5      | Killed LetschGu's ghost
  4285 | D:6      | Reached *** piety under Trog
  4474 | D:6      | Found Coeciuke's Firing Range.
  4491 | D:6      | Reached skill level 13 in Maces & Flails
  5232 | D:7      | Identified the +1 cloak of Nivukoyrei {*Corrode rElec Str+7
                  | SInv}
  5825 | D:7      | Noticed a gargoyle
  5830 | D:7      | Killed a gargoyle
  5868 | D:7      | Noticed a gargoyle
  5871 | D:7      | Killed a gargoyle
  5872 | D:7      | Reached skill level 14 in Maces & Flails
  5891 | D:7      | Noticed a gargoyle
  5892 | D:7      | Killed a gargoyle
  5892 | D:7      | Reached **** piety under Trog
  5893 | D:7      | Reached XP level 10. HP: 77/77 MP: 9/9
  5896 | D:7      | Noticed a gargoyle
  5901 | D:7      | Killed a gargoyle
  5934 | D:7      | Noticed a gargoyle
  5942 | D:7      | Killed a gargoyle
  5976 | D:7      | Noticed a gargoyle
  5982 | D:7      | Killed a gargoyle
  6064 | D:8      | Noticed a two-headed ogre
  6069 | D:8      | Killed a two-headed ogre
  6074 | D:8      | Reached skill level 15 in Maces & Flails
  6163 | D:8      | Found a staircase to the Lair.
  6528 | D:8      | Found Zaiciel's Antique Armour Shop.
  6534 | D:8      | Bought a runed hat for 231 gold pieces
  6967 | D:8      | Reached XP level 11. HP: 82/82 MP: 10/10
  6978 | D:9      | Reached skill level 16 in Maces & Flails
  7019 | D:9      | Noticed Erolcha
  7023 | Abyss:2  | Cast into level 2 of the Abyss (Erolcha)
  7040 | Abyss:2  | Noticed a mana viper
  7068 | Abyss:2  | Noticed a large abomination
  7074 | Abyss:2  | Noticed a starcursed mass
  7079 | Abyss:2  | Killed a large abomination
  7080 | Abyss:2  | Reached skill level 10 in Armour
  7084 | Abyss:2  | Paralysed by accursed screaming for 2 turns
  7089 | Abyss:2  | Killed a starcursed mass
  7089 | Abyss:2  | HP: 2/82 [starcursed mass/accursed screaming (13)]
  7093 | Abyss:2  | Killed from afar by a starcursed mass

Illustrated notes

Levels and vault maps discovered:
D:1:      ncdulo_watergridlock, layout_basic
D:2:      layout_basic, cheibrodos_gnoll_hut
D:3:      layout_rooms, mainiacjoe_overflow_alcove_4,
          hellmonk_ecumenical_altar_run_dry
D:4:      layout_loops_cross, xom_butterflies, minmay_temple_entry_mini_moons,
          uniq_edmund, uniq_blork_the_orc
D:5:      minmay_bubble_buster, layout_basic, nicolae_uskayaw_en_pointe,
          nicolae_gozag_seed_capital, ebering_ghost_sewer_d, serial_shops,
          nicolae_shop_advertising_works [nicolae_subvault_shop_adworks],
          serial_co_window_serial, co_window_corner_a, co_window_corner_a,
          co_window_corner_a, co_window_of_opportunity_a, co_window_cross_1,
          co_window_2corner, co_window_of_opportunity_b, co_window_corner_ca,
          co_window_cross_2, co_window_of_opportunity_b, co_window_2corner,
          co_window_paths_c, co_window_paths_d, glass_columns_a,
          glass_columns_a, glass_columns_b, st_stairs_9
D:6:      layout_basic, nicolae_shop_firing_range
D:7:      cheibrodos_statue_roulette, layout_basic, minmay_door_square
D:8:      layout_loops_ring, due_lair_maze_entry_diamond, serial_shops, shop
D:9:      layout_cave_pools, chequers_mini_garden, palyth_stone_intersect,
          uniq_erolcha
Abyss:2:  base: D:1, evilmike_abyss_exit_16

Skill      XL: |  1  2  3  4  5  6  7  8  9 10 11 |
---------------+----------------------------------+-----
Maces & Flails | 4 5 7 8 9 10 12 14 15 16 | 16.5
Armour         | 3 5 7 9 10 | 10.0
Dodging        | 3 5 7 8 9 |  9.2
Fighting       | |  3.6

Action                   |  1- 3 |  4- 6 |  7- 9 | 10-12 || total
-------------------------+-------+-------+-------+-------++-------
Melee: Mace              |    71 |    27 |       |       ||    98
       Headbutt          |     9 |     7 |    25 |    28 ||    69
       Punch             |     3 |     1 |     2 |     4 ||    10
       Flail             |       |    13 |       |       ||    13
       Morningstar       |       |     3 |   203 |   148 ||   354
Invok: Berserk           |       |     3 |     2 |     3 ||     8
  Use: Scroll            |       |       |    11 |     2 ||    13
       Potion            |       |       |       |     4 ||     4
Armor: Animal skin       |     1 |       |       |       ||     1
       Leather armour    |     6 |       |       |       ||     6
       Scale mail        |    22 |    15 |     3 |       ||    40
       Crystal plate arm |       |       |   144 |    96 ||   240
Dodge: Dodged            |    34 |    19 |    50 |    58 ||   161
Block: Other             |       |     3 |    44 |    29 ||    76
       Reflection        |       |       |     2 |     5 ||     7

Table legend: (Time is in decaauts)
 A = Elapsed time spent in this place.
 B = Non-inter-level travel time spent in this place.
 C = Inter-level travel time spent in this place.
 D = Time resting spent in this place.
 E = Time spent auto-exploring this place.
 F = Levels seen in this place.
 G = Mean time per level.
                   A        B        C        D        E       F      G
               +--------+--------+--------+--------+--------+-----+--------+
         Total |   7114 |   6834 |    280 |    490 |   5296 |  10 |  711.4 |
       Dungeon |   7047 |   6767 |    280 |    477 |   5275 |   9 |  783.0 |
         Abyss |     67 |     67 |      0 |     13 |     21 |   1 |   67.0 |
               +--------+--------+--------+--------+--------+-----+--------+

Top non-repeatable levels by time:
     D:5: 1398 daAuts
     D:7: 991 daAuts
     D:8: 905 daAuts
     D:1: 905 daAuts
     D:6: 863 daAuts
     D:2: 722 daAuts
     D:4: 669 daAuts
     D:3: 540 daAuts
 Abyss:2: 67 daAuts
     D:9: 51 daAuts
